 Dungeon Crawl Stone Soup version 0.30.0-20-g3b4254fcbd (webtiles) character file.

Game seed: 9621657791509763093

70 Graphine the Ruffian (level 4, -20/37 HPs)
             Began as a Ghoul Gladiator on June 2, 2023.
             Was a Follower of Sif Muna.
             Killed by an exploding goblin (36 damage)
             ... ignited by their inner flame
             ... on level 3 of the Dungeon.
             The game lasted 00:05:11 (1695 turns).

Graphine the Ruffian (Ghoul Gladiator)              Turns: 1695, Time: 00:05:11

Health: -20/37     AC:  6    Str: 16 (19) XL:     4   Next: 22%
Magic:  4/4        EV: 11    Int:  1 (3)  God:    Sif Muna [*.....]
Gold:   139        SH:  0    Dex:  7 (10) Spells: 5/5 levels left

rFire   . .          .
                       - Unarmed
rCold   + . .        (no shield)
rNeg    + + +        a - +0 leather armour
rPois   ∞            b - +1 helmet
rElec   .            (no cloak)
rCorr   .            (no gloves)
SInv    .            k - +0 pair of boots
Will    .....        (no amulet)
Stlth   +            (no ring)
HPRegen 0.26/turn    (no ring)
MPRegen 0.09/turn

%: no passive effects
@: hasted, very quick
A: claws 1, cold resistance 1, negative energy resistance 3, inhibited
regeneration, torment resistance 2, devour on kill
a: Renounce Religion, Channel Magic


You were on level 3 of the Dungeon.
You worshipped Sif Muna.
Sif Muna was aware of your devotion.
You visited 1 branch of the dungeon, and saw 3 of its levels.

You collected 139 gold pieces.

Inventory:

Hand Weapons
 q - a +1 dagger of freezing
Missiles
 c - 5 throwing nets (quivered)
 d - a javelin
 r - 10 poisoned darts
Armour
 a - a +0 leather armour (worn)
 b - a +1 helmet (worn)
 k - a +0 pair of boots (worn)
Magical Staves
 p - a staff of poison
Jewellery
 n - a ring of see invisible
Scrolls
 f - 2 scrolls of vulnerability
Potions
 g - a potion of berserk rage
 h - a potion of attraction
 j - a potion of degeneration


   Skills:
 + Level 2.8 Fighting
 - Level 1.7 Throwing
 + Level 3.1 Dodging
 * Level 4.2 Unarmed Combat
 + Level 1.0 Spellcasting
 + Level 0.8 Invocations


You had 5 spell levels left.
You didn't know any spells.
Your spell library was empty.

Dungeon Overview and Level Annotations

Branches:
Dungeon (3/15)

Altars:
Sif Muna


Innate Abilities, Weirdness & Mutations

You are immune to poison.
You have sharp fingernails.
Your flesh is cold resistant. (rC+)
You are immune to negative energy. (rN+++)
You do not regenerate when monsters are visible.
You are immune to unholy pain and torment.
You thrive by killing the living.


Message History

The goblin is moderately wounded.
You barely miss the goblin. Your claw misses the goblin.
The goblin closely misses you. The goblin barely misses you.
You scratch the goblin but do no damage.
The goblin is moderately wounded.
The goblin barely misses you. The goblin closely misses you.
You scratch the goblin.
You kill the goblin!
Sif Muna accepts your kill.
You feel better.
The goblin shoots a sling bullet.
The sling bullet misses you. The goblin closely misses you.
You scratch the ogre.
The ogre is lightly wounded.
You barely miss the ogre.
The ogre is lightly wounded.
The ogre hits you with a +0 giant club!!
Ouch! That really hurt!
The goblin misses you.
It was a potion of degeneration.
There was something very wrong with that liquid.
You feel weakened.
You feel dopey.
You feel clumsy. The goblin closely misses you.
Really read the scroll of immolation?
Okay, then.
Really read the scroll of immolation?
As you read the scroll of immolation, it crumbles to dust.
The creatures around you are filled with an inner flame!
The ogre barely misses you.
You claw the goblin! Sif Muna accepts your kill.
You feel better.
The goblin explodes!
Sif Muna accepts your kill.
You feel a bit more experienced.
The fiery explosion engulfs the ogre!!
Sif Muna accepts your kill.
The fiery explosion engulfs the goblin!
Sif Muna accepts your kill. The fiery explosion engulfs you!!!
Ouch! That really hurt!
You die...

#### #...........
#...### #..........#
#O(('.###..........#
#...#..........####
###...#.............#
#.....#.............#
+.>...§§§.....†.....+
#.....§§§###.#......#
#......#@###.###....#
####.....#...#.######..#
#....###.#.†......# .#
#..†.+.....##.....# .
#....###...##.....#
#....# #...##..)..#
#....# #...########
#....# #...# #.....
....#


There were no monsters in sight!

Vanquished Creatures
  An ogre (D:3)
  A gnoll (D:1)
  2 adders (D:2)
  A worm (D:2)
  A dart slug (D:1)
  4 bats
  6 endoplasms
  2 quokkas (D:2)
  4 ball pythons
  10 goblins
  6 kobolds
  2 rats
40 creatures vanquished.

Notes
Turn   | Place    | Note
-------+----------+-------------------------------------------
     0 | D:1      | Graphine the Ghoul Gladiator began the quest for the Orb.
     0 | D:1      | Reached XP level 1. HP: 17/17 MP: 0/0
   105 | D:1      | Reached XP level 2. HP: 25/25 MP: 1/1
   183 | D:1      | Found a faded altar of an unknown god.
   226 | D:1      | Prayed at the altar of an unknown god.
   226 | D:1      | Became a worshipper of Sif Muna the Loreminder
   226 | D:1      | Reached * piety under Sif Muna
   856 | D:2      | Reached XP level 3. HP: 27/30 MP: 1/3
   938 | D:2      | Reached skill level 4 in Unarmed Combat
  1296 | D:2      | Reached skill level 1 in Spellcasting
  1374 | D:2      | Reached XP level 4. HP: 37/37 MP: 4/4
  1655 | D:3      | Noticed an ogre
  1695 | D:3      | Killed an ogre
  1695 | D:3      | Killed by an exploding goblin... ignited by their inner
                  | flame

Illustrated notes

Levels and vault maps discovered:
D:1:      nzn_arrival_crosshair, layout_basic, serial_rivers,
          chequers_serial_rivers_small_b, chequers_serial_rivers_small_3,
          chequers_serial_rivers_micro_e, chequers_serial_rivers_large_a,
          chequers_serial_rivers_micro_b, ebering_ecumenical_altar_ruins
D:2:      layout_loops_cross, hangedman_decor_points
D:3:      layout_basic, grunt_temple_overflow_diamond,
          mainiacjoe_overflow_alcove_2, st_stairs_13, minmay_ogre_servants

Skill      XL: |  1  2  3 |
---------------+----------+-----
Dodging        | 3 |  3.1
Unarmed Combat | 4 |  4.2
Spellcasting   | 1 |  1.0
Fighting       | |  2.8
Throwing       | |  1.7
Invocations    | |  0.8

Action                     |  1- 3 |  4- 6 || total
---------------------------+-------+-------++-------
  Melee: Unarmed           |    72 |    29 ||   101
  Throw: Throwing net      |     2 |       ||     2
    Use: Scroll            |     1 |     7 ||     8
         Potion            |       |     2 ||     2
   Stab: Held in net/web   |     1 |       ||     1
 Armour: Leather armour    |    24 |     6 ||    30
  Dodge: Dodged            |    40 |    25 ||    65
